 Dungeon Crawl Stone Soup version 0.26-a0-757-g626ac9e51a (webtiles) character file.

Game seed: 1346618593176175635

1094 dickylongcocking the Tainter (level 8, 0/60 HPs)
             Began as a Formicid Venom Mage on Nov 7, 2020.
             Was an Initiate of Gozag.
             Slain by an ice beast (14 damage)
             ... on level 6 of the Dungeon.
             The game lasted 00:06:12 (6887 turns).

dickylongcocking the Tainter (Formicid Venom Mage)  Turns: 6887, Time: 00:06:13

Health: 0/60       AC:  3    Str: 13    XL:     8   Next: 57%
Magic:  7/13       EV: 12    Int: 17    God:    Gozag
Gold:   943        SH:  0    Dex: 11    Spells: 6/14 levels left

rFire    . . .     SeeInvis +   u - +4 trident "Wela Okk" {vorpal, MR+}
rCold    . . .     Faith    .   (no shield)
rNeg     . . .     Spirit   .   s - +0 leather armour
rPois    .         Reflect  .   (helmet unavailable)
rElec    .         Harm     .   y - scarf {repulsion}
rCorr    .         Rampage  .   (no gloves)
MR       +....                  (no boots)
Stlth    ++........             (no amulet)
HPRegen  0.20/turn              (no ring)
MPRegen  0.13/turn              (no ring)

@: gold aura, repel missiles
A: permanent stasis, dig shafts and tunnels, four strong arms, antennae 3
a: Dig, Shaft Self, Potion Petition, Call Merchant, Bribe Branch, Renounce
Religion


You were on level 6 of the Dungeon.
You worshipped Gozag.
Gozag was pleased with you.
You visited 1 branch of the dungeon, and saw 6 of its levels.

You collected 966 gold pieces.
You paid 23 gold pieces to Gozag.

Inventory:

Hand Weapons
 c - a +0 club
 g - a +0 whip
 m - a +3 spear of freezing
 u - the +4 trident "Wela Okk" (weapon) {vorpal, MR+}
   (You found it on level 4 of the Dungeon)

   It inflicts extra damage upon your enemies.
   It affects your resistance to hostile enchantments.
 D - a +3 quarterstaff of chaos
Armour
 a - a +0 robe
 j - a +0 ring mail
 r - a +0 cloak
 s - a +0 leather armour (worn)
 y - a scarf of repulsion (worn)
Jewellery
 l - an uncursed ring of ice
Wands
 w - a wand of acid (2)
Scrolls
 f - 8 scrolls of identify {unknown}
 h - a scroll of amnesia {unknown}
 k - 3 scrolls of remove curse {unknown}
 n - a scroll of fear {unknown}
 o - a scroll of enchant armour {unknown}
 p - a scroll of magic mapping {unknown}
 x - a scroll of blinking {unknown}
 A - a scroll of summoning {unknown}
 C - a scroll of teleportation {unknown}
Potions
 b - 2 potions of attraction {unknown}
 d - 2 potions of degeneration {unknown}
 e - a potion of might {unknown}
 i - a potion of ambrosia {unknown}
 q - a potion of heal wounds {unknown}
 t - 2 potions of lignification {unknown}
 v - a potion of brilliance {unknown}
 z - 3 potions of mutation {unknown}
 B - 2 potions of magic {unknown}
 E - a potion of haste {unknown}


   Skills:
 * Level 4.2 Fighting
 - Level 3.0 Armour
 - Level 1.8 Dodging
 - Level 2.4 Stealth
 * Level 3.7 Spellcasting
 - Level 1.1 Transmutations
 * Level 10.4 Poison Magic


You had 6 spell levels left.
You knew the following spells:

 Your Spells              Type           Power        Failure   Level
a - Sting                 Tmut/Pois      ###.         1%          1
d - Olgreb's Toxic Radia  Pois           #####...     2%          4
i - Ignite Poison         Fire/Tmut/Pois ###.....     13%         3

Your spell library contained the following spells:

 Spells                   Type           Power        Failure   Level
 Poisonous Vapours        Pois/Air       ###...       3%          2
 Mephitic Cloud           Conj/Pois/Air  ##......     16%         3
 Confusing Touch          Hex            #.......     52%         3
 Gell's Gravitas          Tloc           #.........   52%         3
 Petrify                  Tmut/Erth      #.......     86%         4
 Metabolic Englaciation   Hex/Ice        #.........   99%         5
 Yara's Violent Unravell  Hex/Tmut       #.........   99%         5


Dungeon Overview and Level Annotations

Branches:
Dungeon (6/15)             Temple (0/1) D:4

Altars:
Ashenzari
Gozag
Vehumet


Innate Abilities, Weirdness & Mutations

You cannot be hasted, slowed, berserked, paralysed or teleported.
You can dig through walls and to a lower floor.
Your four strong arms can wield two-handed weapons with a shield.
You have a pair of large antennae on your head. (SInv)


Message History

You hit the ice beast but do no damage.
The ice beast is moderately wounded.
The ice beast barely misses you.
You hit the ice beast.
The ice beast is severely wounded.
The ice beast hits you. The ice beast freezes you!
* * * LOW HITPOINT WARNING * * *
The ice beast hits you but does no damage.
Casting: Ignite Poison (dangerous; 13% risk of failure)
Confirm with . or Enter, or press ? or * to list all spells.
Aiming: Sting (safe; 1% risk of failure)
Press: ? - help, Shift-Dir - straight line, f/p - ice beast
Aim: an ice beast (severely wounded)
The sting hits the ice beast.
The ice beast partially resists.
The ice beast is severely wounded.
The ice beast hits you.
* * * LOW HITPOINT WARNING * * *
The ice beast freezes you!
You die...
Your body crumbles into a pile of gold.

#.....# #. #.....# #
#. #.....# #.#.
#.....#
#.#.#####.....#
#......##.....#####
####......##.........#
.(....Y......#######.#
#..$@.....# ###.###
#.........# #......
#.........# #......
#.#+#.....# #...... #.
#.....# #...... #
......# #......
...###.# #...... ....#
.# #...... #......


You could see an ice beast.

Vanquished Creatures
  Eustachio (D:5)
  2 sky beasts (D:5)
  2 phantoms (D:5)
  A scorpion (D:5)
  A jelly (D:6)
  An orc priest (D:2)
  Crazy Yiuf (D:5)
  A hound (D:5)
  An iguana (D:5)
  2 orc wizards
  2 worker ants
  A hound skeleton (D:4)
  Robin (D:2)
  7 gnolls
  6 adders
  4 oozes
  An adder skeleton (D:5)
  2 worms
  2 leopard geckos
  15 orcs
  5 ball pythons
  9 bats
  2 giant cockroaches
  14 goblins
  20 hobgoblins
  5 jackals (D:5)
  A ball python skeleton (D:4)
  4 frilled lizards
  10 kobolds
  A leopard gecko skeleton (D:3)
  7 rats
132 creatures vanquished.

Notes
Turn   | Place    | Note
-------+----------+-------------------------------------------
     0 | D:1      | dickylongcocking the Formicid Venom Mage began the quest
                  | for the Orb.
     0 | D:1      | Reached XP level 1. HP: 13/13 MP: 3/3
    96 | D:1      | Reached XP level 2. HP: 19/19 MP: 1/5
   463 | D:1      | Reached skill level 1 in Fighting
   463 | D:1      | Reached XP level 3. HP: 14/26 MP: 0/6
  1423 | D:2      | Reached skill level 5 in Poison Magic
  1935 | D:2      | Reached XP level 4. HP: 24/33 MP: 2/7
  2079 | D:2      | Found an opulent altar of Gozag.
  2123 | D:2      | Became a worshipper of Gozag Ym Sagoz the Greedy
  2252 | D:2      | Noticed Robin
  2400 | D:1      | Learned a level 4 spell: Olgreb's Toxic Radiance
  2789 | D:2      | Reached skill level 6 in Poison Magic
  2789 | D:2      | Reached XP level 5. HP: 38/38 MP: 1/8
  2975 | D:2      | Killed Robin
  3462 | D:3      | Reached skill level 7 in Poison Magic
  3622 | D:3      | Reached XP level 6. HP: 44/44 MP: 0/9
  4221 | D:3      | Found a radiant altar of Vehumet.
  4368 | D:3      | Learned a level 3 spell: Ignite Poison
  4695 | D:4      | Found a broken altar of Ashenzari.
  4741 | D:4      | Got a translucent trident
  4741 | D:4      | Identified the +4 trident "Wela Okk" {vorpal, MR+} (You
                  | found it on level 4 of the Dungeon)
  4757 | D:4      | Reached skill level 1 in Armour
  4757 | D:4      | Reached skill level 8 in Poison Magic
  4958 | D:4      | Found a staircase to the Ecumenical Temple.
  5276 | D:4      | Reached XP level 7. HP: 50/50 MP: 10/10
  5464 | D:5      | Entered Level 5 of the Dungeon
  5523 | D:5      | Noticed Eustachio
  5551 | D:5      | Killed Eustachio
  5551 | D:5      | Reached skill level 9 in Poison Magic
  5984 | D:5      | Reached XP level 8. HP: 49/58 MP: 10/12
  6117 | D:5      | Reached skill level 10 in Poison Magic
  6251 | D:5      | Found a runed translucent door.
  6252 | D:5      | Noticed Crazy Yiuf
  6610 | D:5      | Killed Crazy Yiuf
  6887 | D:6      | Slain by an ice beast

Illustrated notes

Levels and vault maps discovered:
D:1:      elethiomel_arrival_maze, layout_basic
D:2:      layout_loops_corners, grunt_gozag_breadcrumbs, uniq_robin
D:3:      layout_basic, overflow_temple_1_default
D:4:      layout_rooms, minmay_temple_entry_sparse_star,
          hangedman_decor_slide_cut, ashenzari_altar_1
D:5:      layout_basic, uniq_eustachio, uniq_crazy_yiuf_cottage
D:6:      layout_basic

Skill      XL: |  1  2  3  4  5  6  7  8 |
---------------+-------------------------+-----
Fighting       | 1 2 3 4 |  4.2
Poison Magic   | 5 6 7 8 9 10 | 10.4
Armour         | 1 3 |  3.0
Spellcasting   | 3 |  3.7
Dodging        | |  1.8
Stealth        | |  2.4
Transmutations | |  1.1

Action                   |  1- 3 |  4- 6 |  7- 9 || total
-------------------------+-------+-------+-------++-------
Melee: Club              |    22 |       |       ||    22
       Unarmed           |     2 |       |       ||     2
       Whip              |    10 |    16 |       ||    26
       Spear             |       |    49 |       ||    49
       Trident           |       |    32 |    45 ||    77
 Cast: Sting             |    55 |    34 |     7 ||    96
       Olgreb's Toxic Ra |       |    13 |    14 ||    27
       Ignite Poison     |       |       |     8 ||     8
 Stab: Sleeping          |       |     2 |       ||     2
Armor: Robe              |    14 |     9 |       ||    23
       Ring mail         |       |     3 |       ||     3
       Leather armour    |       |     9 |    13 ||    22
Dodge: Dodged            |    44 |    67 |    51 ||   162

Table legend: (Time is in decaauts)
 A = Elapsed time spent in this place.
 B = Non-inter-level travel time spent in this place.
 C = Inter-level travel time spent in this place.
 D = Time resting spent in this place.
 E = Time spent auto-exploring this place.
 F = Levels seen in this place.
 G = Mean time per level.
                   A        B        C        D        E       F      G
               +--------+--------+--------+--------+--------+-----+--------+
         Total |   6921 |   6706 |    215 |   1069 |   4602 |   6 | 1153.5 |
       Dungeon |   6921 |   6706 |    215 |   1069 |   4602 |   6 | 1153.5 |
               +--------+--------+--------+--------+--------+-----+--------+

Top non-repeatable levels by time:
     D:2: 1900 daAuts
     D:1: 1566 daAuts
     D:5: 1274 daAuts
     D:3: 1241 daAuts
     D:4: 777 daAuts
     D:6: 161 daAuts
